 Dungeon Crawl Stone Soup version 0.30-a0-726-gd89dcf765f (webtiles) character file.

Game seed: 9717374329042692132

41 jimonade the Sneak (level 3, -8/18 HPs)
             Began as a Vine Stalker Brigand on Jan 30, 2023.
             Mangled by Natasha (12 damage)
             ... on level 3 of the Dungeon.
             The game lasted 00:02:36 (1524 turns).

jimonade the Sneak (Vine Stalker Brigand)           Turns: 1524, Time: 00:02:37

Health: -8/18      AC:  5    Str: 13    XL:     3   Next: 52%
Magic:  0/4        EV: 11    Int: 11    God:
Gold:   124        SH:  0    Dex: 17    Spells: 2/2 levels left

rFire   . . .      SeeInvis .    a - +2 dagger
rCold   . . .      Faith    .    (no shield)
rNeg    . . .      Spirit   +    f - +0 robe
rPois   .          Reflect  .    (no helmet)
rElec   .          Harm     .    j - +1 cloak
rCorr   .          Rampage  .    (no gloves)
Will    .....                    n - +0 pair of boots
Stlth   +++                      (no amulet)
HPRegen 0.23/turn                (no ring)
MPRegen 0.09/turn                (no ring)

@: slowed, very slow
A: fangs 2, magic shield, antimagic bite, no potion heal 2
a: no special abilities


You were on level 3 of the Dungeon.
You visited 1 branch of the dungeon, and saw 3 of its levels.

You collected 124 gold pieces.

Inventory:

Hand Weapons
 a - a +2 dagger (weapon)
 b - a +0 sling
Missiles
 d - 9 poisoned darts (quivered)
 e - 3 curare-tipped darts
 i - 31 stones
Armour
 f - a +0 robe (worn)
 j - a +1 cloak (worn)
 n - a +0 pair of boots (worn)
 o - a +0 leather armour
Wands
 l - a wand of roots (9)
Scrolls
 g - a scroll of teleportation
 k - 2 scrolls of immolation
 m - a scroll of identify
Potions
 c - a potion of curing {unknown}
 h - a potion of mutation {unknown}


   Skills:
 + Level 2.1 Fighting
 * Level 2.0 Short Blades
 + Level 1.9 Throwing
 + Level 0.7 Dodging
 + Level 6.0 Stealth


You had 2 spell levels left.
You didn't know any spells.
Your spell library was empty.

Dungeon Overview and Level Annotations

Branches:
Dungeon (3/15)

Altars:

Annotations:
D:3 Grinder, Natasha


Innate Abilities, Weirdness & Mutations

You have extremely sharp teeth.
When hurt, damage is shared between your health and your magic reserves.
Your bite disrupts and absorbs the magic of your enemies.
Potions cannot restore your health.


Message History

You hit Natasha.
Natasha is moderately wounded.
Natasha stares at you and mumbles some strange words.
You resist with some effort.
You barely miss Natasha. Your bite misses Natasha.
Natasha is moderately wounded.
Natasha closely misses you.
You hit Natasha but do no damage. Your bite misses Natasha.
Natasha is lightly wounded.
Natasha stares at you and mumbles some strange words.
You resist with some effort.
You closely miss Natasha.
Natasha is lightly wounded.
Natasha casts a spell at you.
You feel yourself slow down.
You closely miss Natasha. Your bite misses Natasha.
Natasha is lightly wounded.
Natasha barely misses you.
You hit Natasha but do no damage. You punch Natasha, but do no damage.
Your bite misses Natasha.
Natasha is lightly wounded.
Natasha closely misses you.
You hit Natasha.
Natasha is moderately wounded.
Natasha misses you. Natasha closely misses you.
You closely miss Natasha.
Natasha is moderately wounded.
Natasha closely misses you.
Grinder blinks!
You hit Natasha. Your bite misses Natasha.
Natasha is heavily wounded.
The shadow imp disappears in a puff of smoke!
Natasha closely misses you.
You completely miss Natasha.
Natasha is heavily wounded.
Natasha claws you!
* * * LOW HITPOINT WARNING * * *
A rat comes into view.
Natasha claws you!
Ouch! That really hurt!
You die... ####### #...... #...... #...... #......#### # #....r.5h.# #gg #......##@# .gg

#...... #.#
.?# #...h..
#ยง#.?#
.....####...##
..... #.....#
.... #.......#
.... #....#..#
.....#).#
.#.........


You could see Natasha (strong), a crimson imp (summoned) and a rat (wandering).

Vanquished Creatures
  3 dart slugs
  5 endoplasms
  2 goblins (D:1)
  8 hobgoblins
  3 kobolds (D:1)
  A quokka (D:3)
  2 ball pythons
  3 bats
  2 frilled lizards
  2 rats
31 creatures vanquished.

Notes
Turn   | Place    | Note
-------+----------+-------------------------------------------
     0 | D:1      | jimonade the Vine Stalker Brigand began the quest for the
                  | Orb.
     0 | D:1      | Reached XP level 1. HP: 11/11 MP: 2/2
    96 | D:1      | Reached skill level 5 in Stealth
   176 | D:1      | Reached XP level 2. HP: 15/15 MP: 3/3
   396 | D:1      | Found a faded altar of an unknown god.
   488 | D:1      | Reached XP level 3. HP: 18/18 MP: 4/4
  1194 | D:2      | Reached skill level 6 in Stealth
  1500 | D:3      | Noticed Grinder
  1501 | D:3      | Noticed Natasha
  1501 | D:3      | Paralysed by Grinder for 4 turns
  1524 | D:3      | Mangled by Natasha

Illustrated notes

Levels and vault maps discovered:
D:1:      lightli_arrival_windingriver, layout_basic,
          shapermc_ecumenical_altar_starsandcircs
D:2:      layout_loops_ring, kennysheep_flooded_box
D:3:      layout_rooms, portal_sewer_entry_a, uniq_grinder, uniq_natasha,
          uniq_robin, uniq_ijyb

Skill      XL: |  1  2  3 |
---------------+----------+-----
Stealth        | 5 6 |  6.0
Fighting       | 2 |  2.1
Short Blades   | 2 |  2.0
Throwing       | |  1.9
Dodging        | |  0.7

Action                     || total
---------------------------++-------
  Melee: Dagger            ||    86
         Bite              ||    19
         Punch             ||     1
    Use: Scroll            ||     5
   Stab: Sleeping          ||     7
 Armour: Robe              ||    10
  Dodge: Dodged            ||    52

Table legend: (Time is in decaauts)
 A = Elapsed time spent in this place.
 B = Non-inter-level travel time spent in this place.
 C = Inter-level travel time spent in this place.
 D = Time resting spent in this place.
 E = Time spent auto-exploring this place.
 F = Levels seen in this place.
 G = Mean time per level.
                   A        B        C        D        E       F      G
               +--------+--------+--------+--------+--------+-----+--------+
         Total |   1523 |   1421 |    102 |      0 |   1091 |   3 |  507.7 |
       Dungeon |   1523 |   1421 |    102 |      0 |   1091 |   3 |  507.7 |
               +--------+--------+--------+--------+--------+-----+--------+

Top non-repeatable levels by time:
     D:1: 826 daAuts
     D:2: 612 daAuts
     D:3: 84 daAuts
